Map: [G8] Babylon

Players

Solar - Winner!

  • Race: Zerg Zerg
  • Spawn Location: 11:00

Serral

  • Race: Zerg Zerg
  • Spawn Location: 5:00

Event: Gamers8 2023

VOD

Have the link to the VOD?

Description

Time

  • Played on: Aug. 5, 2023, 12:36 p.m.
  • Length: 14:27

All games in this series

Show
View Real Time Build Order
Export as new Build Order

Solar Zerg - Winner!

Build Orders: 1 Base Baneling Bust, Pool First 

Get SALT Encoding   

  12  0:17  Spawning Pool  
  11  0:22  Drone  
  11  0:26  Drone  
  13  0:31  Drone  
  13  0:35  Extractor  
  13  0:43  Overlord  
  13  1:03  Zergling x4  
  15  1:05  Zergling x2  
  16  1:16  Zergling x2  
  17  1:19  Baneling Nest  
  16  1:26  Zergling x2  
  17  1:37  Zergling x2  
  18  1:48  Zergling x2  
  19  1:57  Hatchery  
  18  2:01  Drone  
  18  2:04  Baneling  
  18  2:05  Baneling  
  19  2:14  Drone  
  20  2:17  Baneling  
  19  2:26  Drone  
  18  2:32  Drone  
  18  2:35  Queen  
  20  2:42  Drone  
  18  2:52  Drone  
  19  3:03  Drone  
  20  3:08  Queen  
  20  3:10  Zergling x2  
  23  3:14  Zergling x2  
  23  3:15  Metabolic Boost  
  24  3:23  Zergling x2  
  24  3:25  Overlord  
  25  3:31  Drone  
  26  3:36  Drone  
  27  3:41  Drone  
  27  3:44  Drone x2  
  27  3:45  Drone  
  31  3:48  Drone  
  31  3:53  Overlord  
  32  3:59  Drone  
  33  4:04  Zergling x2  
  33  4:08  Lair  
  34  4:10  Drone  
  34  4:14  Extractor, Baneling  
  34  4:15  Zergling x2  
  35  4:20  Drone x2  
  35  4:22  Drone  
  38  4:25  Drone  
  38  4:30  Drone x2  
  41  4:33  Overlord  
  41  4:36  Drone  
  42  4:42  Drone  
  42  4:46  Drone  
  42  4:52  Drone x6  
  49  4:58  Extractor, Zergling x2  
  49  4:59  Extractor  
  48  5:01  Overlord  
  48  5:09  Spire  
  48  5:10  Drone  
  48  5:12  Drone  
  49  5:16  Drone  
  49  5:20  Drone x3  
  53  5:24  Drone  
  53  5:25  Zergling x4  
  56  5:30  Overlord  
  56  5:36  Overlord  
  56  5:46  Hatchery, Drone  
  56  5:49  Drone  
  56  5:52  Overlord  
  56  5:53  Drone  
  57  6:06  Baneling  
  57  6:14  Zergling x2  
  57  6:20  Mutalisk x6  
  57  6:25  Baneling  
  69  6:27  Mutalisk  
  69  6:30  Zergling x10  
  76  6:36  Evolution Chamber  
  75  6:40  Overlord  
  75  6:42  Drone  
  75  6:45  Hatchery  
  75  6:49  Roach Warren  
  75  6:50  Drone x2  
  76  7:01  Queen, Drone x2  
  77  7:04  Zerg Missile Weapons Level 1, Overlord  
  77  7:06  Overlord, Drone  
  80  7:09  Overlord  
  80  7:12  Drone x3  
  80  7:15  Overlord  
  83  7:32  Roach x2, Glial Reconstitution  
  83  7:35  Roach x4  
  95  7:40  Roach x3  
  95  7:42  Roach  
  103  7:50  Roach x2  
  107  7:58  Roach x2  
  111  8:00  Extractor  
  111  8:03  Roach  
  112  8:06  Overlord  
  112  8:10  Roach x5  
  122  8:15  Overlord x2  
  122  8:18  Overlord  
  123  8:24  Overlord  
  123  8:25  Roach x2  
  123  8:27  Ravager x3  
  128  8:30  Overlord  
  128  8:34  Overlord  
  130  8:35  Ravager, Roach x3  
  130  8:36  Ravager  
  130  8:40  Roach  
  140  8:43  Roach  
  140  8:44  Roach x2  
  140  8:54  Roach x5  
  149  8:58  Roach x2  
  153  9:04  Ravager  
  153  9:05  Roach x3  
  153  9:09  Roach x2  
  164  9:12  Zerg Missile Weapons Level 2  
  164  9:15  Roach  
  165  9:18  Roach x2  
  165  9:21  Roach  
  165  9:23  Roach  
  166  9:24  Roach  
  166  9:27  Roach x2  
  166  9:31  Roach  
  164  9:33  Roach  
  164  9:36  Roach  
  158  9:38  Roach  
  158  9:39  Roach  
  158  9:42  Roach  
  158  9:45  Roach  
  148  9:47  Roach  
  148  9:49  Roach  
  148  9:50  Extractor  
  148  9:51  Roach  
  147  9:53  Roach  
  147  9:56  Roach  
  147  9:59  Roach  
  140  10:01  Roach  
  140  10:06  Roach x2  
  142  10:08  Roach  
  142  10:10  Roach  
  142  10:13  Roach  
  131  10:15  Roach  
  131  10:20  Roach x3  
  125  10:23  Roach  
  125  10:28  Roach x2  
  121  10:30  Roach  
  121  10:33  Roach  
  121  10:34  Roach  
  112  10:39  Roach  
  112  10:41  Roach x2  
  116  10:43  Roach  
  116  10:47  Roach  
  116  10:49  Roach  
  116  10:51  Roach  
  116  10:53  Roach  
  116  10:54  Roach  
  114  10:59  Roach x2  
  114  11:02  Roach  
  114  11:03  Roach  
  116  11:06  Roach  
  116  11:08  Roach  
  116  11:10  Roach  
  110  11:19  Roach  
  110  11:20  Ravager  
  110  11:24  Ravager, Roach  
  116  11:26  Roach  
  116  11:27  Hatchery  
  116  11:31  Ravager, Roach x2  
  122  11:32  Ravager  
  122  11:34  Roach  
  122  11:38  Roach  
  127  11:40  Roach  
  127  11:42  Roach  
  127  11:45  Roach  
  133  11:48  Roach x2  
  133  11:53  Roach x2  
  139  11:56  Roach  
  139  11:59  Roach  
  137  12:02  Roach x2  
  137  12:05  Roach  
  137  12:07  Ravager  
  140  12:08  Roach  
  140  12:10  Ravager  
  140  12:13  Roach  
  143  12:16  Roach x2  
  143  12:19  Roach  
  143  12:21  Roach  
  151  12:25  Roach  
  151  12:27  Roach  
  151  12:29  Roach  
  143  12:32  Roach  
  143  12:36  Roach  
  139  12:39  Ravager  
  139  12:40  Roach  
  139  12:43  Roach x2  
  146  12:46  Roach  
  146  12:48  Ravager  
  149  12:51  Roach  
  149  12:52  Roach  
  149  12:55  Roach  
  149  12:58  Roach  
  157  13:00  Roach  
  157  13:04  Roach x2  
  161  13:07  Roach  
  161  13:12  Roach x2  
  159  13:16  Roach x2  
  159  13:17  Roach  
  159  13:19  Roach  
  161  13:23  Ravager  
  161  13:24  Ravager  
  161  13:26  Roach  
  163  13:27  Queen  
  163  13:29  Roach  
  163  13:30  Roach  
  167  13:37  Roach x3  
  173  13:42  Overlord  
  173  13:43  Roach  
  173  13:44  Roach  
  177  13:50  Roach x2  
  177  13:51  Roach  
  152  13:59  Roach x2  
  126  14:04  Roach x4  
  126  14:07  Roach  
Show
View Real Time Build Order
Export as new Build Order

Serral Zerg 

Build Orders: Hatch First 

Get SALT Encoding   

  12  0:00  Drone  
  13  0:11  Overlord  
  13  0:16  Drone  
  14  0:30  Drone  
  14  0:31  Drone  
  16  0:48  Hatchery  
  15  0:51  Drone  
  15  0:54  Drone  
  17  0:57  Drone  
  18  1:08  Extractor  
  17  1:13  Spawning Pool  
  17  1:16  Drone  
  17  1:20  Drone  
  18  1:27  Drone  
  19  1:59  Queen x2  
  19  2:00  Zergling x8  
  27  2:12  Zergling x2  
  21  2:29  Zergling x6  
  18  2:39  Drone  
  16  3:02  Drone x2  
  18  3:07  Drone  
  18  3:11  Drone  
  20  3:15  Drone  
  21  3:22  Metabolic Boost  
  21  3:28  Drone  
  22  3:35  Overlord  
  22  3:41  Drone x2  
  24  3:45  Drone  
  25  3:48  Drone  
  25  3:51  Zergling x2  
  27  4:00  Baneling Nest  
  26  4:06  Drone  
  27  4:11  Queen  
  27  4:15  Drone  
  30  4:19  Overlord  
  30  4:23  Drone  
  31  4:26  Drone  
  31  4:28  Drone  
  34  4:31  Drone  
  34  4:33  Drone  
  34  4:44  Baneling  
  34  4:45  Baneling, Zergling x4  
  36  4:47  Drone x2  
  36  4:52  Drone x2  
  40  4:56  Overlord  
  40  4:59  Drone x2  
  42  5:12  Hatchery  
  41  5:15  Drone x2  
  41  5:19  Drone x2  
  45  5:26  Drone  
  45  5:27  Zergling x2, Roach Warren  
  46  5:33  Overlord  
  46  5:34  Zergling x2  
  46  5:35  Drone  
  48  5:37  Drone  
  48  5:41  Drone  
  50  5:48  Zergling x2  
  51  5:51  Baneling  
  51  5:54  Extractor, Queen  
  51  5:55  Queen  
  54  5:59  Overlord  
  54  6:02  Zergling x4  
  54  6:04  Drone x2  
  58  6:11  Evolution Chamber  
  58  6:12  Drone x2  
  58  6:16  Drone  
  58  6:25  Spore Crawler  
  58  6:27  Drone x4  
  58  6:28  Drone  
  64  6:33  Queen, Lair  
  64  6:34  Queen  
  64  6:38  Spore Crawler  
  65  6:42  Spore Crawler  
  65  6:43  Overlord x2  
  64  6:48  Overlord  
  64  6:53  Roach  
  66  6:55  Zerg Missile Weapons Level 1  
  65  7:01  Spore Crawler  
  65  7:04  Drone x6  
  70  7:09  Drone x3  
  70  7:15  Roach x2, Overlord  
  77  7:16  Overlord  
  77  7:20  Overlord  
  77  7:23  Overlord  
  77  7:27  Baneling x2  
  77  7:33  Glial Reconstitution  
  77  7:35  Overlord, Drone x4  
  81  7:40  Drone x2  
  83  7:46  Drone x3  
  83  7:51  Overlord  
  86  7:52  Roach x4  
  86  7:53  Roach  
  86  7:56  Overlord  
  96  7:58  Overlord  
  96  8:00  Overseer  
  96  8:04  Infestation Pit  
  96  8:05  Extractor, Queen  
  93  8:06  Extractor  
  93  8:07  Queen  
  93  8:09  Drone x2  
  98  8:13  Drone x3  
  98  8:15  Spore Crawler  
  100  8:20  Overlord  
  102  8:27  Baneling, Drone x3  
  102  8:30  Overlord  
  102  8:32  Extractor  
  102  8:33  Overlord  
  104  8:35  Extractor  
  104  8:37  Roach x4  
  110  8:44  Roach  
  110  8:45  Roach x2  
  115  8:51  Roach x4  
  115  8:52  Roach  
  121  8:58  Ravager  
  121  9:02  Roach x3  
  128  9:07  Roach x2  
  132  9:13  Roach  
  131  9:22  Roach x5  
  135  9:30  Roach x4  
  139  9:32  Queen  
  139  9:33  Queen x2  
  139  9:37  Roach x4  
  151  9:45  Roach x6  
  148  9:51  Roach  
  144  9:53  Ravager  
  144  9:55  Roach x2  
  135  10:00  Roach  
  135  10:07  Roach x5  
  132  10:13  Queen x3  
  118  10:15  Roach x2  
  118  10:18  Roach  
  118  10:19  Roach  
  114  10:21  Roach  
  114  10:23  Roach  
  110  10:31  Roach x3  
  110  10:33  Roach x2  
  108  10:36  Roach x2  
  108  10:40  Ravager x2  
  108  10:42  Roach x2  
  111  10:46  Roach x3  
  110  10:50  Roach  
  110  10:55  Roach x3  
  103  10:58  Roach  
  103  11:00  Roach  
  103  11:05  Roach x3  
  103  11:07  Ravager  
  103  11:09  Roach  
  103  11:11  Roach  
  105  11:14  Roach  
  105  11:15  Roach  
  109  11:20  Ravager, Overseer  
  109  11:22  Roach x2  
  114  11:26  Roach x2  
  114  11:30  Roach x2  
  114  11:31  Roach  
  124  11:36  Extractor  
  123  11:42  Roach x5  
  123  11:46  Drone x2  
  130  11:57  Roach x5  
  130  12:00  Ravager  
  135  12:05  Roach x3  
  133  12:16  Hatchery  
  133  12:19  Roach x2  
  133  12:20  Roach  
  128  12:31  Roach  
  128  12:32  Roach x3  
  128  12:36  Ravager  
  133  12:39  Overlord  
  133  12:42  Roach x3  
  139  12:44  Ravager  
  140  12:51  Overlord x2  
  140  12:57  Roach x2  
  144  13:01  Ravager  
  144  13:02  Roach x3  
  149  13:07  Ravager  
  149  13:08  Roach x2  
  152  13:16  Roach x4  
  154  13:25  Ravager  
  153  13:28  Roach x4  
  161  13:34  Drone x4  
  161  13:36  Ravager  
  161  13:37  Ravager  
  167  13:45  Roach x4  
  173  13:54  Roach x3  
  152  14:00  Roach x3  
  118  14:06  Roach x3  
Tags
 
Add a new tag
Caveats
  • Supply blocks, unpowered buildings, or Contaminate may cause inaccurate times.
  • Supply counts are checked every 10 seconds.